 Dungeon Crawl Stone Soup version 0.19-a0-1922-g1e9a4c1 (webtiles) character file.

609 wazuzu the Fortune-Teller (level 7, 36/36 HPs)
             Began as a Kobold Conjurer on Oct 24, 2016.
             Was a Believer of Nemelex Xobeh.
             Quit the game on level 4 of the Dungeon.
             The game lasted 00:25:56 (5571 turns).

wazuzu the Fortune-Teller (Kobold Conjurer)         Turns: 5571, Time: 00:25:57

Health: 36/36      AC:  3    Str:  5    XL:     7   Next: 71%
Magic:  14/14      EV: 15    Int: 18    God:    Nemelex Xobeh [**....]
Gold:   152        SH:  0    Dex: 16    Spells: 1 memorised, 15 levels left

rFire  . . .     SeeInvis +     (weapon restricted)
rCold  . . .     Gourm    .     a - +0 robe
rNeg   . . .     Faith    .     (shield restricted)
rPois  .         Spirit   .     s - +0 helmet
rElec  .         Reflect  .     (no cloak)
rCorr  .         Harm     .     (no gloves)
MR     .....                    (no boots)
Stlth  ++........               y - amulet of magic regeneration
                                e - ring of flight
                                l - ring of see invisible

@: no status effects
A: carnivore 3
a: Renounce Religion, Evoke Flight


You were on level 4 of the Dungeon.
You worshipped Nemelex Xobeh.
Nemelex Xobeh was pleased with you.
You were completely stuffed.

You visited 1 branch of the dungeon, and saw 4 of its levels.

You collected 152 gold pieces.

Inventory:

Hand Weapons
 r - a +1 dagger of venom
Armour
 a - a +0 robe (worn)
 s - a +0 helmet (worn)
Jewellery
 e - a ring of flight (right hand)
 l - a ring of see invisible (left hand)
 y - an amulet of magic regeneration (around neck)
Scrolls
 f - 2 scrolls of amnesia {unknown}
 h - a scroll of remove curse {unknown}
 j - a scroll of fog {unknown}
 k - 2 scrolls of random uselessness {unknown}
 p - 4 scrolls of fear {unknown}
 w - a scroll of blinking
 z - a scroll of enchant weapon {unknown}
Potions
 d - 3 potions of curing
 i - a potion of invisibility {unknown}
 m - a potion of resistance {unknown}
 n - 2 potions of lignification
 u - a potion of cure mutation {unknown}
Books
 b - a book of Conjurations

   Spells                             Type                      Level
   a - Magic Dart                     Conjuration                  1
   b - Searing Ray                    Conjuration                  2
   c - Dazzling Spray                 Conjuration/Hexes            3
   d - Fulminant Prism                Conjuration/Hexes            4
   e - Iskenderun's Mystic Blast      Conjuration                  4
   f - Iskenderun's Battlesphere      Conjuration/Charms           5
 v - a book of Maledictions

   Spells                             Type                      Level
   a - Corona                         Hexes                        1
   b - Ensorcelled Hibernation        Hexes/Ice                    2
   c - Confuse                        Hexes                        3
   d - Tukima's Dance                 Hexes                        3
   e - Dazzling Spray                 Conjuration/Hexes            3
Miscellaneous
 o - a plain deck of destruction {drawn: 5}
 q - a legendary deck of destruction {drawn: 6}
 A - a plain deck of destruction
Comestibles
 c - 6 meat rations
 g - a royal jelly
 t - 2 beef jerkies
 x - a slice of pizza
 B - 3 chunks of flesh


   Skills:
 - Level 1.2 Armour
 - Level 2.4 Dodging
 - Level 2.6 Stealth
 - Level 5.0 Spellcasting
 - Level 5.1 Conjurations
 + Level 5.2 Invocations


You had 15 spell levels left.
You knew the following spells:

 Your Spells              Type           Power        Failure   Level  Hunger
a - Magic Dart            Conj           ###.         1%          1    None


Dungeon Overview and Level Annotations

Branches:
Dungeon (4/15)
 Temple: D:4-7

Altars:
Nemelex Xobeh


Innate Abilities, Weirdness & Mutations

You are small and have problems with some larger weapons.
You are carnivorous and can eat meat at any time.


Message History

HP restored.
There is an open door here.
There is an open door here.
Things that are here:
a club; an orc corpse
There is an open door here.
Eating one of 4 chunks of flesh.
You start eating one of the 4 chunks of flesh.
This raw flesh tastes great.
Found a stone staircase leading down.
As you open the door, it creaks loudly!
There is an open door here.
There is an open door here.
You open the door.
There is an open door here.
Done exploring.
Done exploring.
There is an open door here.
There is an open door here.
Are you sure you want to abandon this character and quit the game? (Confirm with "yes".)

####### ##### #####..>..#
#.... #...#.....# #....
#...#.....# #....
#...#.....# #....
#...#.....# #....
#...#...@.# #######....
#...'.....# #..........
#...#.....# #..........
#...#.....# #..........
#...#.....# #..........
#...#.....# #..........
#...#.....#####..........
#...#.....<.....##+######
#...#...........#...#....


There were no monsters in sight!

Vanquished Creatures
  An ogre (D:3)
  An orc priest (D:3)
  A hound (D:4)
  An iguana (D:4)
  An orc wizard (D:4)
  3 worker ants
  4 adders
  A shadow imp (D:3)
  An ooze (D:4)
  An adder skeleton (D:4)
  6 dart slugs
  4 leopard geckos
  17 orcs
  8 bats
  4 giant cockroaches
  22 goblins
  6 hobgoblins
  7 jackals
  7 kobolds
  2 quokkas
  A ball python (D:3)
  5 frilled lizards
  9 rats
113 creatures vanquished.

Vanquished Creatures (collateral kills)
  Robin (D:3)
  2 goblins (D:3)
  A hobgoblin (D:3)
  4 jackals (D:3)
8 creatures vanquished.

Vanquished Creatures (others)
  Blork the orc (D:4)
  A scorpion (D:4)
  An orc priest (D:4)
  An orc (D:4)
4 creatures vanquished.

Grand Total: 125 creatures vanquished

Notes
Turn   | Place    | Note
-------+----------+-------------------------------------------
     0 | D:1      | wazuzu the Kobold Conjurer began the quest for the Orb.
     0 | D:1      | Reached XP level 1. HP: 10/10 MP: 3/3
   303 | D:1      | Reached XP level 2. HP: 15/15 MP: 1/5
  1022 | D:2      | Reached XP level 3. HP: 19/19 MP: 5/7
  1718 | D:2      | Found a sparkling altar of Nemelex Xobeh.
  1831 | D:2      | Reached XP level 4. HP: 19/24 MP: 1/9
  2019 | D:2      | Became a worshipper of Nemelex Xobeh the Trickster
  2603 | D:3      | Noticed Robin
  2615 | D:3      | Received a gift from Nemelex Xobeh
  2635 | D:3      | Killed Robin
  2651 | D:3      | Reached XP level 5. HP: 18/28 MP: 1/11
  3688 | D:3      | Received a gift from Nemelex Xobeh
  3811 | D:3      | Noticed an ogre
  3812 | D:3      | Killed an ogre
  3812 | D:3      | Reached skill level 1 in Armour
  3812 | D:3      | Reached skill level 5 in Spellcasting
  3812 | D:3      | Reached skill level 5 in Conjurations
  3812 | D:3      | Reached XP level 6. HP: 32/32 MP: 13/13
  3914 | D:3      | Reached skill level 1 in Invocations
  4179 | D:4      | Reached * piety under Nemelex Xobeh
  4642 | D:4      | Reached XP level 7. HP: 19/36 MP: 5/14
  5095 | D:4      | Received a gift from Nemelex Xobeh
  5113 | D:4      | Reached ** piety under Nemelex Xobeh
  5176 | D:4      | Noticed Blork the orc
  5178 | D:4      | Killed Blork the orc
  5363 | D:4      | Reached skill level 5 in Invocations
  5571 | D:4      | Quit the game

Vault maps used:
D:1:      minmay_arrival_nine_rooms
D:2:      kennysheep_the_goblin_king, nemelex_diamond_rough_becter
D:3:      uniq_robin
D:4:      uniq_blork_the_orc

Skill      XL: |  1  2  3  4  5  6  7 |
---------------+----------------------+-----
Spellcasting   | 3 4 5 |  5.0
Armour         | 1 |  1.2
Conjurations   | 5 |  5.1
Invocations    | 3 5 |  5.2
Dodging        | |  2.4
Stealth        | |  2.6

Action                   |  1- 3 |  4- 6 |  7- 9 || total
-------------------------+-------+-------+-------++-------
Melee: Unarmed           |    17 |    20 |       ||    37
       Dagger            |       |    44 |       ||    44
 Cast: Magic Dart        |    65 |   154 |    55 ||   274
Evoke: Deck              |       |     6 |     5 ||    11
  Use: Scroll            |     4 |     3 |       ||     7
 Stab: Sleeping          |       |     1 |       ||     1
  Eat: Chunk             |     8 |    12 |     3 ||    23
Armor: Robe              |     5 |    17 |     1 ||    23
Dodge: Dodged            |    25 |    88 |    19 ||   132
